 Dungeon Crawl Stone Soup version 0.31-a0-182-gc5ef74bbde (webtiles) character file.

Game seed: 18327012009903039338

2994 qw the Cleaver (level 9, -27/57 HPs)
             Began as a Gargoyle Fighter on June 21, 2023.
             Killed by the air
             ... invoked by Gastronok
              (47 damage)
             ... on level 8 of the Dungeon.
             The game lasted 00:03:29 (5789 turns).

qw the Cleaver (Gargoyle Fighter)                   Turns: 5789, Time: 00:03:29

Health: -27/57     AC: 27    Str: 24    XL:     9   Next: 83%
Magic:  9/9        EV:  7    Int:  9    God:
Gold:   414        SH:  9    Dex:  9    Spells: 8/8 levels left

rFire   . . .        Y - +2 war axe (freeze)
rCold   . . .        c - +0 buckler
rNeg    + . .        m - +0 plate armour
rPois   inf          a - +0 helmet
rElec   +            (no cloak)
rCorr   .            f - +0 pair of gloves
SInv    .            o - +0 pair of boots {Stlth+}
Will    .....        h - amulet of reflection Stlth
                     l - +4 ring of protection
HPRegen 0.29/turn    k - +4 ring of slaying {mikee}
MPRegen 0.11/turn

%: reflection
@: no status effects
A: sickness immunity, AC +6, negative energy resistance 1, electricity
resistance, torment resistance 1, petrification resistance
a: no special abilities


You were on level 8 of the Dungeon.
You visited 2 branches of the dungeon, and saw 9 of its levels.
You also visited: Sewer.

You collected 414 gold pieces.


Innate Abilities, Weirdness & Mutations

You are immune to sickness and miasma.
Your stone body is resilient. (AC +6)
You are immune to poison.
You resist negative energy. (rN+)
You are resistant to electric shocks. (rElec)
You are resistant to unholy torment.
You are immune to petrification.


   Skills:
 - Level 7.1 Fighting
 + Level 9.9 Axes
 - Level 6.2 Armour
 - Level 1.3 Dodging
 - Level 4.0 Shields


You had 8 spell levels left.
You didn't know any spells.
Your spell library was empty.

Inventory:

Hand Weapons
 r - a +4 flail of protection
 Y - a +2 war axe of freezing (weapon)
Armour
 a - a +0 helmet (worn)
 c - a +0 buckler (worn)
 f - a +0 pair of gloves (worn)
 m - a +0 plate armour (worn)
 o - a +0 pair of boots of stealth (worn)
Jewellery
 h - an amulet of reflection (around neck)
 k - a +4 ring of slaying (right hand) {mikee}
 l - a +4 ring of protection (left hand)
Scrolls
 s - a scroll of identify
Potions
 b - 2 potions of lignification
 d - 4 potions of might
 e - a potion of berserk rage {unknown}
 g - a potion of attraction {unknown}
 i - a potion of mutation {unknown}
 j - a potion of heal wounds
 n - a potion of cancellation {unknown}
 p - 3 potions of curing
 u - a potion of degeneration {unknown}

Dungeon Overview and Level Annotations

Branches:
Dungeon (8/15)             Temple (1/1) D:6           Sewer (visited)
   Lair: D:8-11

Altars:
Cheibriados
Dithmenos
Elyvilon
Fedhas
Gozag
Hepliaklqana
Kikubaaqudgha
Makhleb
Nemelex Xobeh
Qazlal
Ru
Sif Muna
Trog
Uskayaw
Wu Jian
Xom
Yredelemnul
Zin

Shops:
D:1 :   D:4 :

Annotations:
D:8 Gastronok


Message History

You climb downwards.
Gastronok gurgles horribly!
There is a stone staircase leading up here.
Gastronok is nearby!
Waypoint 9 assigned to D:8.
Found a potion of heal wounds.
You hit Gastronok. You freeze Gastronok.
Gastronok is lightly wounded.
You slash Gastronok! You freeze Gastronok.
Gastronok is lightly wounded.
You block Gastronok's attack.
You hit Gastronok. You freeze Gastronok.
Gastronok is moderately wounded.
You hit Gastronok. You freeze Gastronok.
Gastronok is moderately wounded.
Gastronok bites you!!
You slash Gastronok! You freeze Gastronok.
Gastronok is moderately wounded.
You hit Gastronok. You freeze Gastronok.
Gastronok is moderately wounded.
Gastronok waves his eye-stalks in wide circles.
The air twists around and strikes you.
You slash Gastronok! You freeze Gastronok.
Gastronok is heavily wounded.
You slash Gastronok! You freeze Gastronok.
Gastronok is heavily wounded.
You feel a sudden, passing aversion to salt.
You slash Gastronok! You freeze Gastronok.
Gastronok is severely wounded.
You slash Gastronok! You freeze Gastronok.
Gastronok is severely wounded.
Gastronok bites you!
You slash Gastronok! You freeze Gastronok.
Gastronok is severely wounded.
You hit Gastronok. You freeze Gastronok.
Gastronok is almost dead.
Gastronok waves his eye-stalks in wide circles.
The air twists around and strikes you!!!
Ouch! That really hurt!
You die...

#.# ###.#
# #...####
#.#.#.##..
#.#.#.##.#
#.....##.#
#.....##.#
#..w@...<#
#.....####
##....#
.....#.#
...####.#
...# #.#
.!# #.# .#
#.#


You could see Gastronok.

Vanquished Creatures
  A hornet (D:7)
  Grinder (D:6)
  A wyvern (D:4)
  Eustachio (D:6)
  Edmund (D:6)
  2 ice beasts
  A sky beast (D:7)
  2 orc warriors (D:7)
  3 ogres
  3 black bears
  A centaur (D:5)
  Blork the orc (D:6)
  A bullfrog (D:7)
  2 scorpions
  6 killer bees (D:7)
  A howler monkey (D:6)
  4 hounds
  An orc priest (D:7)
  A jelly (D:7)
  A sleepcap (D:6)
  3 iguanas
  An orc wizard (D:4)
  Robin (D:2)
  3 gnolls (D:5)
  9 adders
  A shadow imp (D:6)
  A white imp (D:6)
  An ufetubus (D:6)
  6 worms
  A dart slug (D:1)
  17 orcs
  6 ball pythons
  6 endoplasms
  4 giant cockroaches
  14 goblins
  11 hobgoblins
  9 jackals
  4 quokkas
  3 bats
  12 frilled lizards
  8 kobolds
  9 rats
165 creatures vanquished.

Notes
Turn   | Place    | Note
-------+----------+-------------------------------------------
     0 | D:1      | qw the Gargoyle Fighter began the quest for the Orb.
     0 | D:1      | Reached XP level 1. HP: 14/14 MP: 1/1
     0 | D:1      | 0 ||| qw: Version: 0.3-a-9-g12657ce
     0 | D:1      | 0 ||| qw: Game counter: 1647
     0 | D:1      | 0 ||| qw: Always use a shield: true
     0 | D:1      | 0 ||| qw: God list: Okawaru
     0 | D:1      | 0 ||| qw: Allow faded altars: false
     0 | D:1      | 0 ||| qw: Do Orc after D:15 true
     0 | D:1      | 0 ||| qw: Do second Lair branch before Depths: true
     0 | D:1      | 0 ||| qw: Lair rune preference: random
     0 | D:1      | 0 ||| qw: Plans: Normal, Zot:1-4, Slime:5, God:TSO, Crypt,
                  | Tomb, Abyss, Pan, Hells, Win
     0 | D:1      | 0 ||| PLANNING D:1-11
    13 | D:1      | Found Lutenawk's Book Shop.
    23 | D:1      | Reached skill level 2 in Axes
   124 | D:1      | Reached XP level 2. HP: 14/19 MP: 2/2
   209 | D:1      | 209 ||| Stepping ~*~*~tactically~*~*~ (stealth).
   406 | D:1      | Reached skill level 3 in Axes
   537 | D:1      | 537 ||| UPGRADING to +0 chain mail.
   547 | D:1      | 547 ||| DROPPING +0 scale mail.
   548 | D:1      | 548 ||| UPGRADING to amulet of reflection.
   553 | D:1      | 553 ||| READING scroll labelled BYSUIF XUEKI.
   554 | D:1      | 554 ||| READING scroll labelled OCHUDYN VEQESI.
   575 | D:2      | Reached XP level 3. HP: 23/23 MP: 3/3
   615 | D:2      | 615 ||| Stepping ~*~*~tactically~*~*~ (stealth).
   638 | D:2      | 638 ||| Stepping ~*~*~tactically~*~*~ (stealth).
   648 | D:2      | Noticed Robin
   650 | D:2      | 650 ||| Stepping ~*~*~tactically~*~*~ (hiding).
   651 | D:2      | 651 ||| Stepping ~*~*~tactically~*~*~ (hiding).
   660 | D:2      | Killed Robin
   664 | D:2      | HP: 1/23 [goblin/+0 club[Robin] (5)]
   679 | D:2      | 679 ||| FLEEEEING.
   680 | D:2      | 680 ||| FLEEEEING.
   681 | D:2      | 681 ||| FLEEEEING.
   684 | D:2      | 684 ||| FLEEEEING.
   685 | D:2      | 685 ||| FLEEEEING.
   686 | D:2      | 686 ||| FLEEEEING.
   687 | D:2      | 687 ||| FLEEEEING.
   689 | D:2      | 689 ||| FLEEEEING.
   690 | D:2      | 690 ||| FLEEEEING.
   691 | D:2      | 691 ||| FLEEEEING.
   692 | D:2      | 692 ||| FLEEEEING.
   693 | D:2      | 693 ||| FLEEEEING.
   694 | D:2      | 694 ||| FLEEEEING.
   695 | D:2      | 695 ||| FLEEEEING.
   697 | D:2      | 697 ||| FLEEEEING.
   698 | D:2      | 698 ||| FLEEEEING.
   699 | D:2      | 699 ||| FLEEEEING.
   700 | D:2      | 700 ||| FLEEEEING.
   701 | D:2      | 701 ||| STAIRDANCE
   758 | D:1      | 758 ||| READING scroll labelled QYURID KAYCSOH.
   809 | D:2      | Reached XP level 4. HP: 28/28 MP: 4/4
   861 | D:2      | 861 ||| Stepping ~*~*~tactically~*~*~ (stealth).
   864 | D:2      | 864 ||| Stepping ~*~*~tactically~*~*~ (stealth).
   865 | D:2      | 865 ||| Stepping ~*~*~tactically~*~*~ (stealth).
   866 | D:2      | 866 ||| Stepping ~*~*~tactically~*~*~ (stealth).
   961 | D:2      | Reached skill level 4 in Axes
  1103 | D:2      | 1103 ||| DROPPING +0 club.
  1108 | D:2      | 1108 ||| DROPPING +0 whip.
  1174 | D:2      | 1174 ||| UPGRADING to +0 helmet.
  1179 | D:2      | 1179 ||| UPGRADING to +0 plate armour.
  1189 | D:2      | 1189 ||| DROPPING +0 chain mail.
  1190 | D:2      | 1190 ||| UPGRADING to +0 pair of boots of stealth.
  1195 | D:2      | 1195 ||| UPGRADING to +4 ring of protection.
  1196 | D:2      | 1196 ||| READING scroll labelled JOYMNA PEOLIM.
  1201 | D:3      | 1201 ||| PLANNING SEWER
  1227 | D:3      | 1227 ||| Stepping ~*~*~tactically~*~*~ (hiding).
  1228 | D:3      | 1228 ||| Stepping ~*~*~tactically~*~*~ (hiding).
  1285 | D:3      | Reached XP level 5. HP: 32/32 MP: 5/5
  1425 | D:3      | 1425 ||| Stepping ~*~*~tactically~*~*~ (stealth).
  1428 | D:3      | 1428 ||| Stepping ~*~*~tactically~*~*~ (stealth).
  1489 | D:3      | Found a glowing drain.
  1496 | D:3      | 1496 ||| DROPPING amulet of regeneration.
  1497 | D:3      | 1497 ||| READING scroll labelled DOMNOHAZAE.
  1511 | D:3      | 1511 ||| Stepping ~*~*~tactically~*~*~ (water).
  1520 | D:3      | Reached skill level 5 in Axes
  1544 | Sewer    | Entered a sewer
  1697 | Sewer    | 1697 ||| Stepping ~*~*~tactically~*~*~ (water).
  1810 | Sewer    | 1810 ||| READING scroll labelled GUQAXA KABB.
  1811 | Sewer    | 1811 ||| READING scroll labelled DYNNON ZOESU.
  1848 | D:3      | 1848 ||| PLANNING D:1-11
  2063 | D:3      | 2063 ||| READING scroll labelled REOKYO NUNOPH.
  2064 | D:3      | 2064 ||| READING scroll labelled AREAH SIGOIXOM.
  2186 | D:4      | Reached XP level 6. HP: 34/38 MP: 6/6
  2218 | D:4      | 2218 ||| Stepping ~*~*~tactically~*~*~ (stealth).
  2290 | D:4      | 2290 ||| Stepping ~*~*~tactically~*~*~ (hiding).
  2292 | D:4      | 2292 ||| Stepping ~*~*~tactically~*~*~ (hiding).
  2334 | D:4      | 2334 ||| Stepping ~*~*~tactically~*~*~ (stealth).
  2340 | D:4      | 2340 ||| Stepping ~*~*~tactically~*~*~ (hiding).
  2673 | D:4      | Noticed a wyvern
  2684 | D:4      | Killed a wyvern
  2685 | D:4      | Reached skill level 6 in Axes
  2685 | D:4      | Reached XP level 7. HP: 22/43 MP: 7/7
  3048 | D:4      | Found Gimukud's Book Boutique.
  3056 | D:4      | 3056 ||| DROPPING +0 mace.
  3345 | D:4      | 3345 ||| READING scroll labelled LONUWOCZ OSMA.
  3346 | D:4      | 3346 ||| READING scroll labelled LOCZEO NASEI.
  3347 | D:4      | 3347 ||| READING scroll labelled WASAUNKIMP.
  3348 | D:4      | 3348 ||| READING scroll labelled MEDUYF BUNAPP.
  3349 | D:4      | 3349 ||| DRINKING 2 purple potions.
  3354 | D:4      | 3354 ||| DROPPING potion of ambrosia.
  3386 | D:5      | Entered Level 5 of the Dungeon
  3451 | D:5      | Reached skill level 7 in Axes
  3467 | D:5      | Found an opulent altar of Gozag.
  3477 | D:5      | Identified the +2 robe "Beatin" {rPois Int+7}
  3647 | D:5      | 3647 ||| Stepping ~*~*~tactically~*~*~ (hiding).
  3648 | D:5      | 3648 ||| Stepping ~*~*~tactically~*~*~ (hiding).
  3653 | D:5      | Reached skill level 1 in Dodging
  3653 | D:5      | Reached XP level 8. HP: 48/49 MP: 8/8
  3833 | D:5      | 3833 ||| READING scroll of enchant weapon.
  3833 | D:5      | 3833 ||| ENCHANTING +1 war axe.
  3890 | D:5      | 3890 ||| UPGRADING to +0 pair of gloves.
  3895 | D:5      | 3895 ||| DRINKING 2 smoky amethyst potions.
  3896 | D:5      | 3896 ||| READING 2 scrolls of identify.
  3896 | D:5      | 3896 ||| IDENTIFYING white potion
  3903 | D:6      | Noticed Edmund
  3909 | D:6      | Noticed Blork the orc
  3910 | D:6      | 3910 ||| Stepping ~*~*~tactically~*~*~ (stealth).
  3913 | D:6      | 3913 ||| Stepping ~*~*~tactically~*~*~ (stealth).
  3924 | D:6      | Killed Edmund
  3929 | D:6      | Killed Blork the orc
  3984 | D:6      | 3984 ||| DROPPING +0 flail.
  4039 | D:6      | Found a staircase to the Ecumenical Temple.
  4040 | D:6      | 4040 ||| PLANNING TEMPLE
  4040 | D:6      | 4040 ||| DRINKING 2 smoky emerald potions.
  4041 | D:6      | 4041 ||| DRINKING 2 viscous white potions.
  4042 | D:6      | 4042 ||| DROPPING potion of invisibility.
  4043 | D:6      | 4043 ||| DROPPING potion of brilliance.
  4052 | Temple   | Entered the Ecumenical Temple
  4224 | Temple   | 4224 ||| PLANNING D:1-11
  4270 | D:6      | Noticed Grinder
  4271 | D:6      | 4271 ||| Stepping ~*~*~tactically~*~*~ (stealth).
  4277 | D:6      | 4277 ||| Stepping ~*~*~tactically~*~*~ (hiding).
  4279 | D:6      | 4279 ||| Stepping ~*~*~tactically~*~*~ (hiding).
  4280 | D:6      | Paralysed by Grinder for 5 turns
  4291 | D:6      | Killed Grinder
  4292 | D:6      | Reached skill level 8 in Axes
  4358 | D:6      | 4358 ||| Stepping ~*~*~tactically~*~*~ (stealth).
  4382 | D:6      | 4382 ||| Stepping ~*~*~tactically~*~*~ (stealth).
  4421 | D:6      | Noticed Eustachio
  4455 | D:6      | Killed Eustachio
  4456 | D:6      | Reached skill level 6 in Fighting
  4542 | D:6      | 4542 ||| Stepping ~*~*~tactically~*~*~ (hiding).
  4670 | D:6      | Reached XP level 9. HP: 55/55 MP: 9/9
  4997 | D:6      | 4997 ||| UPGRADING to +4 ring of slaying {mikee}.
  5017 | D:7      | 5017 ||| Stepping ~*~*~tactically~*~*~ (hiding).
  5025 | D:7      | Reached skill level 9 in Axes
  5031 | D:7      | Reached skill level 6 in Armour
  5056 | D:7      | Found a stormy altar of Qazlal.
  5056 | D:7      | Found a burning altar of Makhleb.
  5189 | D:7      | 5189 ||| Stepping ~*~*~tactically~*~*~ (stealth).
  5191 | D:7      | 5191 ||| Stepping ~*~*~tactically~*~*~ (stealth).
  5541 | D:7      | Noticed a hornet
  5542 | D:7      | 5542 ||| Stepping ~*~*~tactically~*~*~ (hiding).
  5557 | D:7      | Killed a hornet
  5634 | D:7      | Found a shimmering altar of Xom.
  5756 | D:7      | 5756 ||| READING scroll labelled WUULEP LUMUFODI.
  5773 | D:8      | Noticed Gastronok
  5789 | D:8      | Killed from afar by Gastronok

Levels and vault maps discovered:
D:1:      heliophobic_arrival_ceremonial_halls, layout_rooms, serial_shops,
          nicolae_shop_tiny_waterfront, minmay_crystal_room, grunt_decor_cap
D:2:      layout_rooms, uniq_robin
D:3:      layout_basic, cheibrodos_sewer_entry_bend
D:4:      layout_layer_cave, serial_shops, nicolae_shop_tiny_statue_garden
D:5:      layout_rooms, mainiacjoe_overflow_alcove_1
D:6:      layout_loops_cross, minmay_temple_entry_sparse_star,
          minmay_misc_feat_x, corexii_checkpoint_b,
          chequers_serial_rivers_small_3, kennysheep_crisscross,
          uniq_blork_the_orc, uniq_edmund, uniq_grinder, uniq_eustachio
D:7:      layout_basic, gammafunk_temple_overflow_statue, minmay_ruined_shrine
D:8:      layout_loops_ring, lair_entry_dummy, minmay_misc_feat_rows,
          uniq_joseph, uniq_gastronok
Temple:   eino_narrow_crystal_temple

Skill      XL: |  1  2  3  4  5  6  7  8  9 |
---------------+----------------------------+-----
Axes           | 2 3 4 5 6 7 8 9 |  9.9
Fighting       | 4 5 6 7 |  7.1
Armour         | 4 5 6 |  6.2
Dodging        | 1 |  1.3
Shields        | 4 |  4.0

Action                     |  1- 3 |  4- 6 |  7- 9 || total
---------------------------+-------+-------+-------++-------
  Melee: War axe           |    82 |   233 |   275 ||   590
    Use: Scroll            |     3 |     6 |     7 ||    16
         Potion            |       |       |     4 ||     4
 Armour: Scale mail        |    20 |       |       ||    20
         Chain mail        |     7 |     6 |       ||    13
         Plate armour      |       |   115 |   168 ||   283
  Dodge: Dodged            |    27 |    37 |    65 ||   129
  Block: Buckler           |    23 |   122 |    98 ||   243
         Reflection        |       |     3 |     2 ||     5

Table legend:
 A = Non-vault XP
 B = Vault XP
 C = Vault XP percentage of total XP
 D = Non-vault monster count
 E = Vault monster count
 F = Vault count percentage of total count
                 A         B        C        D         E       F
            +---------+---------+-------+---------+---------+-------
      Total |    2966 |    1312 |  30.7 |     126 |      39 |  23.6
            +---------+---------+-------+---------+---------+-------
        D:1 |      30 |       0 |   0.0 |      17 |       0 |   0.0
        D:2 |      49 |      39 |  44.3 |      19 |      13 |  40.6
        D:3 |     108 |      10 |   8.5 |      23 |       2 |   8.0
        D:4 |     558 |       0 |   0.0 |      26 |       0 |   0.0
        D:5 |     469 |       0 |   0.0 |       9 |       0 |   0.0
        D:6 |     497 |     745 |  60.0 |      10 |       6 |  37.5
        D:7 |    1255 |     457 |  26.7 |      22 |       6 |  21.4
      Sewer |       0 |      61 | 100.0 |       0 |      12 | 100.0
            +---------+---------+-------+---------+---------+-------
